 Dungeon Crawl Stone Soup version 0.14-a0-1413-g94b8a5e (webtiles) character file.

7024 M4edhros the Covert (level 10, -5/58 HPs)
             Began as an Octopode Artificer on Dec 11, 2013.
             Was a High Priest of Nemelex Xobeh.
             Killed by divine providence
             ... invoked by an orc priest
              (12 damage)
             ... on Level 9 of the Dungeon.
             The game lasted 00:36:20 (12028 turns).

M4edhros the Covert (Octopode Artificer)           Turns: 12028, Time: 00:36:20

HP  -5/58        AC  5     Str 12      XL: 10   Next: 98%
MP  18/18        EV 14     Int 18      God: Nemelex Xobeh [*****.]
Gold 603         SH 23     Dex 13      Spells:  2 memorised,  6 levels left

rFire  . . .     SeeInvis .     C - +4,+2 falchion (elec)
rCold  . . .     Clarity  .     h - +2 dwarf shield
rNeg   . . .     Conserve .     (helmet restricted)
rPois  .         rCorr    .     (no amulet)
rElec  .         rRot     .     p - cursed +2 ring of strength
SustAb . .       Spirit   .     g - ring of sustenance
rMut   .         Warding  .     q - +4 ring of protection
Saprov . . .     Stasis   .     (no ring)
                                (no ring)
                                (no ring)
                                (no ring)
                                (no ring)

@: somewhat resistant to hostile enchantments, extremely stealthy
A: almost no armour, amphibious, 8 rings, constrict 8, camouflage 1, low mp 1,
gelatinous body 1
a: Draw One, Peek at Two, Triple Draw, Deal Four, Stack Five, Renounce Religion


You were on level 9 of the Dungeon.
You worshipped Nemelex Xobeh.
Nemelex Xobeh was extremely pleased with you.
You were hungry.

You visited 2 branches of the dungeon, and saw 10 of its levels.

You collected 603 gold pieces.

Inventory:

Hand weapons
 i - a +2,+3 short sword
 n - a +2,+3 cutlass of speed
 C - a +4,+2 falchion of electrocution (weapon)
 F - the +8,+3 mace of Inquiry {freeze, +Inv rPois rF+ rC- MR+ Int-2, unknown}
   (You found it on level 6 of the Dungeon)

   It has been specially enchanted to freeze those struck by it, causing extra
   injury to most foes and up to double damage against particularly susceptible
   opponents.
   It can also slow down cold-blooded creatures.
   It affects your intelligence (-2).
   It protects you from fire.
   It makes you vulnerable to cold.
   It protects you from poison.
   It affects your resistance to hostile enchantments.
   It lets you turn invisible.
Missiles
 J - 23 steel sling bullets
 N - 35 sling bullets
 Q - 3 tomahawks (quivered)
Armour
 h - a +2 dwarven shield (worn)
Magical devices
 b - a wand of flame (1)
 c - a wand of enslavement (0)
 d - a wand of random effects (7)
 s - a wand of digging (9)
 B - a wand of slowing (11)
 G - a wand of teleportation (4)
 O - a wand of magic darts (3)
 P - a wand of random effects (9)
Comestibles
 f - 7 bread rations
 u - an orange
 z - a lychee
 H - 3 meat rations
 M - a choko
 S - a royal jelly
Scrolls
 r - 2 scrolls of enchant armour
 v - a scroll of recharging
 w - 6 scrolls of remove curse
 x - a scroll of noise
 A - 2 scrolls of amnesia
Jewellery
 a - a +4 ring of intelligence {unknown}
 g - a ring of sustenance (right tentacle)
 j - a cursed ring of hunger {unknown}
 p - a cursed +2 ring of strength (left tentacle)
 q - a +4 ring of protection (on tentacle)
Potions
 l - a potion of porridge
 t - 2 potions of speed
 D - a potion of curing
 I - 3 potions of decay {unknown}
Books
 U - a book of Spatial Translocations

   Spells                             Type                      Level
   *Apportation                       Translocation                1
   Portal Projectile                  Translocation                2
   *Blink                             Translocation                2
   Shroud of Golubria                 Charms/Translocation         2
   Teleport Other                     Translocation                3
   Passage of Golubria                Translocation                4
Magical staves
 e - an uncursed staff of conjuration
Miscellaneous
 k - a plain deck of destruction {drawn: 2}
 m - a legendary deck of summonings {drawn: 1}
 o - a plain deck of summonings {drawn: 1}
 y - a plain deck of summonings {drawn: 3}
 E - an ornate deck of destruction {drawn: 1}
 L - a plain deck of escape {drawn: 1}


   Skills:
 - Level 1.3 Fighting
 - Level 3.7 Short Blades
 * Level 7.8 Long Blades
 + Level 7.0 Dodging
 * Level 11.7 Stealth
 + Level 6.6 Shields
 + Level 1.5 Translocations
 + Level 7.6 Evocations


You had 6 spell levels left.
You knew the following spells:

 Your Spells              Type           Power        Failure   Level  Hunger
a - Apportation           Tloc           #.........   24%         1    ##.....
b - Blink                 Tloc           N/A          38%         2    ###....


Dungeon Overview and Level Annotations

Branches:
Dungeon (9/16)             Temple (1/1) D:4
    Orc: D:9-12        Lair: D:8-11

Altars:
Ashenzari
Cheibriados
Elyvilon
Fedhas
Kikubaaqudgha
Makhleb
Nemelex Xobeh
Okawaru
Sif Muna
Trog
Vehumet
Xom
Yredelemnul
Zin
the Shining One

Shops:
D:8 *

Portals:
Ziggurat: D:7 (5940 gp)

Annotations:
D:9 Erolcha


Innate Abilities, Weirdness & Mutations

You cannot wear most types of armour.
You are amphibious.
You can wear up to eight rings at the same time.
You can use your tentacles to constrict many enemies at once.
Your skin changes colour to match your surroundings (Stlth).
Your rubbery body absorbs attacks (AC +1).
Your magical capacity is low (-10% MP).


Message History

Okay, then.
Evoke which item? (* to show all) (? for menu, Esc to quit)
Okay, then.
Drink which item? (? for menu, Esc to quit)
Okay, then.
Evoke which item? (* to show all) (? for menu, Esc to quit)
Okay, then.
You release your grip on the orc priest.
Evoke which item? (* to show all) (? for menu, Esc to quit)
Zapping:
b - a wand of flame (2)
Press: ? - help, Shift-Dir - straight line, f - orc priest
Aim: an orc priest, wielding an orcish dagger (severely wounded)
The puff of flame misses the orc priest.
This wand has 1 charge left.
You block the orc priest's attack.
You barely miss the orc priest. Your grab misses the orc priest.
The orc priest is severely wounded.
The orc priest calls down the wrath of Beogh upon you.
Something smites you!
You die...
Your body glows with a rainbow of weird colours and disappears.

.......##.......##.##...#####....
#####............#.##...#####.###
..# #.##########....#......##.#
..# #.# #....##C###.##.###
[.###.# #.................
......# #..............###
......# #.................
#####.# #o#.#######....... # #.#
#######@#.# #....... # #.#
.'..'..#.#.# #..>...# #.#
#..'.#.# #......#
#.##########.#.# #....###
#............#.# #....#
##################.# #.####
...##...# . #.# .o<##...# #.# #.#
#### ...##...##########.####
#.###...


You could see an orc priest.

Vanquished Creatures
  Pikel (D:4)
  Joseph (D:7)
  Maurice (D:8)
  Prince Ribbit (D:7)
  A two-headed ogre (D:8)
  A merfolk (D:7)
  Eustachio (D:4)
  A hippogriff (D:8)
  A hungry ghost (D:7)
  Edmund (D:9)
  A phantom (D:8)
  A sky beast (D:5)
  An ice beast (D:8)
  A slave (D:4)
  2 ogres
  4 orc warriors
  A centaur (D:6)
  4 giant frogs
  4 gnoll sergeants
  A troll zombie (D:7)
  8 killer bees
  8 crimson imps
  3 goliath beetles
  6 orc priests
  2 hounds
  5 gnoll shamans (D:4)
  2 big fish (D:7)
  3 giant frog skeletons
  4 scorpions
  4 iguanas
  4 orc wizards
  A quasit (D:7)
  8 worker ants
  Ijyb (D:3)
  A crocodile skeleton (D:7)
  An ogre skeleton (D:9)
  47 gnolls
  A giant centipede (D:8)
  9 adders
  2 worms
  2 giant eyeballs
  6 giant geckos
  3 oozes
  29 orcs
  A bat skeleton (D:4)
  A bat zombie (D:5)
  3 giant cockroaches
  12 goblins
  9 hobgoblins
  26 jackals
  20 kobolds
  4 quokkas
  12 bats
  4 giant newts
  2 giant spores (D:8)
  A hobgoblin skeleton (D:7)
  A jackal skeleton (D:6)
  A kobold zombie (D:7)
  8 rats
  26 ballistomycetes
  A butterfly (D:5)
322 creatures vanquished.

Vanquished Creatures (collateral kills)
  An ugly thing (D:8)
  A hippogriff (D:9)
  A sky beast (D:7)
  An insubstantial wisp (D:7)
  A goliath beetle (D:5)
  A scorpion (D:9)
  An orc wizard (D:6)
  A mummy (D:9)
  2 gnolls (D:4)
  2 giant centipedes (D:5)
  4 giant mites (D:5)
  3 orcs
  2 giant cockroaches (D:5)
  2 hobgoblins
  A giant spore (D:6)
24 creatures vanquished.

Vanquished Creatures (others)
  A dancing weapon (D:9)
  2 slaves (D:4)
  An iguana (D:4)
  2 adders
  3 gnolls (D:4)
  A shadow imp (D:7)
  An adder skeleton (D:8)
  A giant gecko (D:4)
  A goblin (D:4)
  2 jackals (D:4)
  2 giant spores
  A ballistomycete (D:8)
18 creatures vanquished.

Grand Total: 364 creatures vanquished

Notes
Turn   | Place    | Note
--------------------------------------------------------------
     0 | D:1      | M4edhros, the Octopode Artificer, began the quest for the Orb.
     0 | D:1      | Reached XP level 1. HP: 13/13 MP: 1/1
   584 | D:2      | Reached XP level 2. HP: 18/18 MP: 3/3
   722 | D:2      | Reached skill level 4 in Evocations
   937 | D:3      | Found a shattered altar of Ashenzari.
   964 | D:3      | Reached XP level 3. HP: 23/23 MP: 5/5
  1127 | D:3      | Noticed Ijyb
  1155 | D:3      | Killed Ijyb
  1155 | D:3      | Reached XP level 4. HP: 20/28 MP: 6/6
  1547 | D:4      | Reached skill level 1 in Shields
  1561 | D:4      | Reached XP level 5. HP: 23/33 MP: 8/8
  1765 | D:4      | Noticed a slave
  1862 | D:4      | Noticed a slave
  1862 | D:4      | Noticed a slave
  1877 | D:4      | Killed a slave
  1891 | D:4      | Noticed Pikel
  1905 | D:4      | Noticed a slave
  1919 | D:4      | Killed Pikel
  1919 | D:4      | Reached XP level 6. HP: 16/38 MP: 10/10
  1919 | D:4      | Reached XP level 7. HP: 18/43 MP: 12/12
  2050 | D:4      | Found a staircase to the Ecumenical Temple.
  2065 | Temple   | Entered the Ecumenical Temple
  2240 | Temple   | Became a worshipper of Nemelex Xobeh
  2519 | D:4      | Received a gift from Nemelex Xobeh
  2535 | D:4      | Noticed Eustachio
  2546 | D:4      | Killed Eustachio
  2546 | D:4      | Reached skill level 5 in Stealth
  2687 | D:3      | Acquired Nemelex Xobeh's first power
  2995 | D:2      | Reached XP level 8. HP: 48/48 MP: 14/14
  3194 | D:2      | Found a blossoming altar of Fedhas.
  3505 | D:2      | Found a deep blue altar of Sif Muna.
  3737 | D:1      | Found an iron altar of Okawaru.
  3956 | D:5      | Entered Level 5 of the Dungeon
  4013 | D:4      | Acquired Nemelex Xobeh's second power
  4223 | D:5      | Reached skill level 1 in Long Blades
  4223 | D:5      | Reached skill level 5 in Dodging
  4223 | D:5      | Reached skill level 6 in Stealth
  4477 | D:5      | Received a gift from Nemelex Xobeh
  4935 | D:4      | Noticed a gnoll sergeant
  4972 | D:4      | Killed a freed slave
  5000 | D:4      | Killed a freed slave
  5009 | D:4      | Reached skill level 7 in Stealth
  5099 | D:4      | Reached skill level 5 in Evocations
  5130 | D:4      | Found a shimmering altar of Xom.
  5432 | D:4      | Killed a gnoll sergeant
  5464 | D:4      | Acquired Nemelex Xobeh's third power
  5511 | D:4      | Received a gift from Nemelex Xobeh
  5642 | D:4      | Reached XP level 9. HP: 23/53 MP: 16/16
  5854 | D:4      | Reached skill level 8 in Stealth
  6297 | D:4      | Acquired Nemelex Xobeh's fourth power
  6358 | D:5      | Reached skill level 5 in Long Blades
  6367 | D:5      | Gained mutation: Your magical capacity is low (-10% MP). [mutagenic meat]
  6483 | D:5      | Received a gift from Nemelex Xobeh
  6792 | D:6      | Reached skill level 5 in Shields
  7274 | D:6      | Got an iridescent mace
  7601 | D:7      | Reached skill level 9 in Stealth
  7674 | D:7      | Received a gift from Nemelex Xobeh
  7992 | D:7      | Acquired Nemelex Xobeh's fifth power
  8345 | D:7      | Noticed Joseph
  8364 | D:7      | Killed Joseph
  8364 | D:7      | Reached skill level 10 in Stealth
  8364 | D:7      | Reached XP level 10. HP: 48/58 MP: 18/18
  8381 | D:7      | Noticed Prince Ribbit
  8387 | D:7      | Killed Prince Ribbit
  8545 | D:7      | Found a gateway to a ziggurat.
  9149 | D:8      | Received a gift from Nemelex Xobeh
  9399 | D:8      | Noticed Maurice
  9406 | D:8      | Killed Maurice
  9562 | D:8      | Reached skill level 11 in Stealth
  9690 | D:8      | Learned a level 1 spell: Apportation
  9693 | D:8      | Learned a level 2 spell: Blink
 10006 | D:8      | Found Yzeur's General Store.
 10281 | D:9      | Noticed Erolcha
 10282 | D:9      | Received a gift from Nemelex Xobeh
 10286 | D:9      | Found a shimmering altar of Xom.
 10590 | D:8      | Reached skill level 1 in Translocations
 10696 | D:9      | Noticed Edmund
 10718 | D:9      | Killed Edmund
 12023 | D:9      | Noticed a cyclops
 12028 | D:9      | Killed from afar by an orc priest

Action                   |  1- 3 |  4- 6 |  7- 9 | 10-12 || total
-------------------------+-------+-------+-------+-------++-------
Melee: Short sword       |    71 |    24 |       |       ||    95
       Cutlass           |       |    43 |    22 |       ||    65
       Falchion          |       |       |   375 |   281 ||   656
Invok: Draw One          |       |       |     6 |     9 ||    15
       Peek at Two       |       |       |     1 |       ||     1
Evoke: Wand              |       |     2 |    21 |    17 ||    40
  Use: Potion            |     4 |     1 |     6 |     3 ||    14
       Scroll            |       |       |    16 |     1 ||    17
 Stab: Sleeping          |     2 |     1 |    22 |    10 ||    35
       Distracted        |       |       |     1 |     1 ||     2
